 Dungeon Crawl Stone Soup version 0.22-a0-166-g5351223 (webtiles) character file.

43 Borgoz the Skirmisher (level 3, 0/33 HPs)
             Began as a Minotaur Abyssal Knight on Feb 13, 2018.
             Was a Follower of Lugonu.
             Slain by an orc
             ... wielding a +0 club
              (4 damage)
             ... on level 3 of the Dungeon.
             The game lasted 00:01:59 (1409 turns).

Borgoz the Skirmisher (Minotaur Abyssal Knight)     Turns: 1409, Time: 00:02:00

Health: 0/33       AC:  3    Str: 13 (16) XL:     3   Next: 37%
Magic:  3/3        EV: 11    Int:  7 (9)  God:    Lugonu [*.....]
Gold:   50         SH:  0    Dex:  8 (10) Spells: 2/2 levels left

rFire    . . .     SeeInvis .   a - +1 hand axe
rCold    . . .     Gourm    .   (no shield)
rNeg     . . .     Faith    .   b - +0 leather armour
rPois    .         Spirit   .   (helmet restricted)
rElec    .         Reflect  .   (no cloak)
rCorr    .         Harm     .   (no gloves)
MR       .....                  (no boots)
Stlth    +.........             (no amulet)
HPRegen  0.11/turn              (no ring)
MPRegen  0.08/turn              (no ring)

@: no status effects
A: retaliatory headbutt, horns 2
a: Depart the Abyss, Renounce Religion


You were on level 3 of the Dungeon.
You worshipped Lugonu.
Lugonu was aware of your devotion.
You were hungry.

You visited 1 branch of the dungeon, and saw 3 of its levels.
You visited the Abyss 1 time.

You collected 50 gold pieces.

Inventory:

Hand Weapons
 a - a +1 hand axe (weapon)
Armour
 b - a +0 leather armour (worn)
Scrolls
 d - a scroll of amnesia {unknown}
 f - a scroll of blinking {unknown}
 g - a scroll of teleportation {unknown}
 i - a scroll of remove curse {unknown}
 j - a scroll of magic mapping {unknown}
 k - a scroll of random uselessness {unknown}
 m - a scroll of immolation {unknown}
Comestibles
 c - 3 rations


   Skills:
 + Level 4.0 Fighting
 + Level 3.0 Axes
 + Level 3.0 Armour
 + Level 1.8 Dodging
 + Level 2.2 Invocations


You had 2 spell levels left.
You didn't know any spells.

Dungeon Overview and Level Annotations

Branches:
Dungeon (3/15)

Altars:

Annotations:
D:2 Sigmund
D:3 Azzok's ghost, amateur GrFi


Innate Abilities, Weirdness & Mutations

You reflexively headbutt those who attack you in melee.
You have a pair of horns on your head.


Message History

The orc hits you but does no damage.
You barely miss the orc priest.
The orc priest is heavily wounded.
You hit the orc but do no damage.
The orc priest hits you but does no damage.
The orc hits you but does no damage.
You hit the orc priest.
The orc priest is severely wounded.
You hit the orc.
The orc priest hits you but does no damage.
The orc hits you but does no damage.
You closely miss the orc priest.
The orc priest is severely wounded.
You hit the orc but do no damage.
You feel less wooden.
Your +0 leather armour unmelds from your body.
The orc priest barely misses you. You furiously retaliate!
You headbutt the orc priest, but do no damage.
The orc hits you with a club.
You die...

.. #####.# .......
.#.#.#. .......
##### .#.#.#. #...
..
.....oo###.#####....
.#.#.#o@........#
.......#####.####
##.##.# #.# #. #.# .
#.# ## #.# # #.# ..
#.# ############.#


You could see an orc priest and 2 orcs.

Vanquished Creatures
  A shadow imp (D:3)
  2 dart slugs (D:2)
  4 orcs (D:3)
  3 bats
  2 goblins (D:1)
  5 hobgoblins
  6 kobolds
  A frilled lizard (D:2)
  2 rats (D:1)
26 creatures vanquished.

Notes
Turn   | Place    | Note
-------+----------+-------------------------------------------
     0 | Abyss:1  | Borgoz the Minotaur Abyssal Knight began the quest for the Orb.
     0 | Abyss:1  | Reached XP level 1. HP: 19/19 MP: 1/1
     6 | Abyss:1  | Found a corrupted altar of Lugonu.
    36 | Abyss:2  | Noticed a rakshasa
    59 | Abyss:2  | Noticed a large abomination
    66 | Abyss:2  | Noticed a thrashing horror
    68 | Abyss:2  | Noticed a death drake
    68 | D:1      | Escaped the Abyss
   331 | D:1      | Reached XP level 2. HP: 26/27 MP: 2/2
   574 | D:1      | Reached * piety under Lugonu
  1005 | D:2      | Noticed Sigmund
  1131 | D:3      | Reached XP level 3. HP: 19/33 MP: 3/3
  1260 | D:2      | Reached skill level 4 in Fighting
  1283 | D:3      | Noticed Azzok's ghost (amateur GrFi)
  1409 | D:3      | Slain by an orc

Vault maps used:
D:1:      dpeg_arrival_stonehenge_8_columns, serial_glass, glass_columns_a,
          glass_columns_c, kennysheep_decorative_pillar
D:2:      chequers_ecumenical_altar_island, uniq_sigmund
D:3:      serial_co_window_serial, co_window_of_opportunity_a,
          co_window_paths_a, co_window_paths_a, co_window_of_opportunity_a,
          co_window_corner_a, co_window_paths_c, co_window_unsneaky_path_e,
          co_window_of_opportunity_b, co_window_2corner, co_window_broadway_c,
          glass_columns_a, glass_columns_b
Abyss:1:  evilmike_abyss_exit_mutagenic

Skill      XL: |  1  2  3 |
---------------+----------+-----
Invocations    | 2 |  2.2
Fighting       | 4 |  4.0
Armour         | 3 |  3.0
Axes           | 3 |  3.0
Dodging        | |  1.8

Action                   || total
-------------------------++-------
Melee: Hand axe          ||    72
       Headbutt          ||    10
Invok: Depart the Abyss  ||     1
  Use: Potion            ||     2
  Eat: Chunk             ||     1
Armor: Leather armour    ||    13
       Skin              ||    26
Dodge: Dodged            ||    41

Table legend:
 A = Spawn XP
 B = Non-spawn XP
 C = Spawn XP percentage of total XP
 D = Spawn monster count
 E = Non-spawn monster count
 F = Spawn count percentage of total count
 G = Total turns spent on level
                    A         B        C        D         E        F      G
               +---------+---------+-------+---------+---------+-------+---------
         Total |       0 |      62 |   0.0 |       0 |      26 |   0.0 |  1409
               +---------+---------+-------+---------+---------+-------+---------
           D:1 |       0 |      23 |   0.0 |       0 |      14 |   0.0 |   956
           D:2 |       0 |      14 |   0.0 |       0 |       6 |   0.0 |    72
           D:3 |       0 |      25 |   0.0 |       0 |       6 |   0.0 |   313
               +---------+---------+-------+---------+---------+-------+---------
